 Dungeon Crawl Stone Soup version 0.30-a0-782-ge64f9170bb (webtiles) character file.

Game seed: 15876720143263431750

89 Drevant2 the Caller (level 4, 0/24 HPs)
             Began as a Tengu Summoner on Feb 20, 2023.
             Slain by a hobgoblin (2 damage)
             ... on level 3 of the Dungeon.
             The game lasted 00:07:07 (1914 turns).

Drevant2 the Caller (Tengu Summoner)                Turns: 1914, Time: 00:07:07

Health: 0/24       AC:  2    Str:  8    XL:     4   Next: 55%
Magic:  7/8        EV: 12    Int: 18    God:
Gold:   133        SH:  0    Dex: 14    Spells: 1/7 levels left

rFire   . . .      SeeInvis .    e - +0 dagger
rCold   . . .      Faith    .    (no shield)
rNeg    . . .      Spirit   .    a - +0 robe
rPois   .          Reflect  .    (helmet restricted)
rElec   .          Harm     .    (no cloak)
rCorr   .          Rampage  .    (no gloves)
Will    .....                    (boots unavailable)
Stlth   ++                       (no amulet)
HPRegen 0.24/turn                (no ring)
MPRegen 0.11/turn                (no ring)

@: no status effects
A: beak, talons 3
a: no special abilities


You were on level 3 of the Dungeon.
You visited 1 branch of the dungeon, and saw 3 of its levels.

You collected 133 gold pieces.

Inventory:

Hand Weapons
 e - a +0 dagger (weapon)
Armour
 a - a +0 robe (worn)
Scrolls
 c - 2 scrolls of identify {unknown}
 d - a scroll of enchant weapon {unknown}
 f - a scroll of magic mapping {unknown}
 k - a scroll of fear {unknown}
Potions
 g - 3 potions of curing {unknown}
 h - a potion of berserk rage {unknown}
 i - a potion of ambrosia {unknown}
 j - a potion of resistance {unknown}


   Skills:
 - Level 2.1 Dodging
 - Level 2.0 Stealth
 - Level 2.0 Spellcasting
 + Level 7.0 Summonings


You had one spell level left.
You knew the following spells:

 Your Spells              Type           Power      Damage    Failure   Level
a - Summon Small Mammal   Summ           100%       N/A       1%          1
b - Call Imp              Summ           27%        N/A       1%          2
c - Call Canine Familiar  Summ           27%        N/A       3%          3

Your spell library contained the following spells:

 Spells                   Type           Power      Damage    Failure   Level
 Summon Guardian Golem    Hex/Summ       14%        N/A       13%         3
 Summon Lightning Spire   Summ/Air       14%        N/A       38%         4


Dungeon Overview and Level Annotations

Branches:
Dungeon (3/15)

Altars:
Qazlal

Annotations:
D:3 1 runed translucent door, TimeIsEndless's ghost, weakling FeFi


Innate Abilities, Weirdness & Mutations

You have a beak for a mouth.
You have claws for feet.


Message History

The hobgoblin attacks as you move away! The hobgoblin hits you.
* * * LOW HITPOINT WARNING * * *
The kobold barely misses your crimson imp.
Your magical contamination has completely faded away.
The hobgoblin attacks as you move away! The hobgoblin barely misses you.
Your crimson imp blinks!
Casting: Call Imp (safe; 1% risk of failure)
Confirm with . or Enter, or press ? or * to list all spells.
The spell is quite dangerous to miscast (3% risk of failure)!
Continue anyway?
Uppercase [Y]es or [N]o only, please.
The spell is quite dangerous to miscast (3% risk of failure)!
Continue anyway?
The hobgoblin closely misses you. What are your orders? t - Shout!
Orders for allies: a - Attack new target. r - Retreat! s - Stop attacking. g - Guard the area. f - Follow me.
Anything else - Cancel.
Gang up on whom?
Press: ? - help, Dir - move target, f - centaur
Aim: a centaur, wielding a +0 shortbow Attack!
Your hound barely misses the centaur.
The hobgoblin closely misses you. Magic courses through your body.
The centaur unwields a +0 shortbow.
The centaur hits you.
* * * LOW HITPOINT WARNING * * *
The centaur kicks you but does no damage.
Your hound bites the centaur but does no damage.
The centaur closely misses you. The centaur kicks you.
* * * LOW HITPOINT WARNING * * *
Your hound closely misses the centaur.
The hobgoblin hits you but does no damage.
Casting: Call Canine Familiar (quite dangerous; 3% risk of failure)
Confirm with . or Enter, or press ? or * to list all spells.
The centaur hits you.
* * * LOW HITPOINT WARNING * * *
The centaur kicks you.
* * * LOW HITPOINT WARNING * * *
Your hound bites the centaur but does no damage.
The hobgoblin hits you.
You die...

#.'.......
#.........
##5..#+#...
##...##.##..
#...##...##..
#..##.....##..
#..#⌠.!♣?.⌠#..
#Kg##W....##..
.####.c@##...##...
#.....hr.b##⌠##...#
########...###...#
##.......#
#.......#
#####..####..#
#.....## >.
#.###.### #.# #...#


You could see a centaur (ally target), TimeIsEndless's ghost, a hobgoblin (ally
target), a kobold, a rat, a friendly hound (summoned), a friendly crimson imp
(summoned) and a friendly bat (summoned).

Vanquished Creatures
  2 endoplasms
  A giant cockroach (D:1)
  4 goblins
  A hobgoblin (D:2)
  A quokka (D:1)
  2 ball pythons (D:2)
  A bat (D:2)
  3 frilled lizards
  A kobold (D:2)
  4 rats
20 creatures vanquished.

Vanquished Creatures (collateral kills)
  3 gnolls (D:2)
  2 adders (D:2)
  2 dart slugs
  3 ball pythons (D:1)
  2 bats
  2 endoplasms
  2 hobgoblins
  A kobold (D:1)
  2 frilled lizards (D:1)
  A rat (D:2)
20 creatures vanquished.

Grand Total: 40 creatures vanquished

Notes
Turn   | Place    | Note
-------+----------+-------------------------------------------
     0 | D:1      | Drevant2 the Tengu Summoner began the quest for the Orb.
     0 | D:1      | Reached XP level 1. HP: 10/10 MP: 4/4
   103 | D:1      | Reached skill level 5 in Summonings
   157 | D:1      | Found a faded altar of an unknown god.
   173 | D:1      | Reached XP level 2. HP: 15/15 MP: 4/6
   840 | D:2      | Reached XP level 3. HP: 19/19 MP: 5/7
   878 | D:2      | Reached skill level 6 in Summonings
   943 | D:2      | Learned a level 2 spell: Call Imp
  1018 | D:2      | Reached XP level 4. HP: 10/24 MP: 5/8
  1484 | D:2      | Reached skill level 7 in Summonings
  1733 | D:2      | Found a stormy altar of Qazlal.
  1849 | D:2      | Learned a level 3 spell: Call Canine Familiar
  1888 | D:3      | Noticed TimeIsEndless's ghost (weakling FeFi)
  1892 | D:3      | Found a runed translucent door.
  1901 | D:3      | Noticed a centaur
  1914 | D:3      | Slain by a hobgoblin

Illustrated notes

Levels and vault maps discovered:
D:1:      minmay_arrival_glassed_features, layout_loops_ring,
          hellmonk_ecumenical_altar_blasted
D:2:      layout_loops_ring, basic_altar, chequers_serial_rivers_large_b,
          nicolae_concentric_dashed_squares_wild
D:3:      layout_loops_corners, hellmonk_ghost_happy_afterlife, uniq_natasha

Skill      XL: |  1  2  3  4 |
---------------+-------------+-----
Summonings     | 5 6 7 |  7.0
Dodging        | |  2.1
Stealth        | |  2.0
Spellcasting   | |  2.0

Action                     |  1- 3 |  4- 6 || total
---------------------------+-------+-------++-------
  Melee: Unarmed           |    24 |       ||    24
         Peck              |     3 |     2 ||     5
         Kick              |     9 |     8 ||    17
         Dagger            |    11 |    25 ||    36
         Punch             |       |     1 ||     1
   Cast: Summon Small Mamm |    21 |     1 ||    22
         Call Imp          |     3 |     4 ||     7
         Call Canine Famil |       |     1 ||     1
    Use: Potion            |       |     1 ||     1
   Stab: Distracted        |     1 |       ||     1
 Armour: Robe              |    10 |     9 ||    19
  Dodge: Dodged            |    34 |    24 ||    58

Table legend: (Time is in decaauts)
 A = Elapsed time spent in this place.
 B = Non-inter-level travel time spent in this place.
 C = Inter-level travel time spent in this place.
 D = Time resting spent in this place.
 E = Time spent auto-exploring this place.
 F = Levels seen in this place.
 G = Mean time per level.
                   A        B        C        D        E       F      G
               +--------+--------+--------+--------+--------+-----+--------+
         Total |   1939 |   1832 |    107 |    175 |   1237 |   3 |  646.3 |
       Dungeon |   1939 |   1832 |    107 |    175 |   1237 |   3 |  646.3 |
               +--------+--------+--------+--------+--------+-----+--------+

Top non-repeatable levels by time:
     D:2: 1056 daAuts
     D:1: 819 daAuts
     D:3: 63 daAuts
